 Dungeon Crawl Stone Soup version 0.23.0 (webtiles) character file.

Game seed: 7855410397858188671

18391 Ezendos the Warrior (level 12, -2/67 HPs)
             Began as a Merfolk Gladiator on Feb 15, 2019.
             Was an Elder of Hepliaklqana.
             Slain by an ancient zyme (9 damage)
             ... on level 2 of the Abyss on Feb 19, 2019.
             The game lasted 01:08:35 (19198 turns).

Ezendos the Warrior (Merfolk Gladiator)            Turns: 19198, Time: 01:08:36

Health: -2/67      AC:  9    Str: 10 (14) XL:     12   Next: 58%
Magic:  8/8        EV: 12    Int:  4 (11) God:    Hepliaklqana [****..]
Gold:   577        SH:  5    Dex: 13 (17) Spells: 11/11 levels left

rFire    + . .     SeeInvis +   a - +5 spear
rCold    . . .     Gourm    .   s - +0 buckler
rNeg     + + .     Faith    .   N - +2 scale mail {rF+}
rPois    +         Spirit   .   L - +0 helmet
rElec    .         Reflect  .   (no cloak)
rCorr    +         Harm     .   (no gloves)
MR       .....     Rnd*Rage +   h - +2 pair of boots "Ipuxui" {rN+ rCorr Int+2} Stlth ..........Rnd*Tele +
                                A - amulet "Xuroxif" {rPois Regen+ SInv}
HPRegen  0.00/turn              Q - +5 ring of dexterity
MPRegen  0.11/turn              v - ring of positive energy

@: brilliant, non-regenerating, diseased, hasted and slowed, lost intelligence
A: change form in water, swift swim, stealthy swim, reduced essence, [berserk
2], [clumsy 2], [deformed body], [deterioration 2], [dopey 2], [frail 3], [low
mp 3], [screaming 3], [teleportitis 3], [weak 2], [subdued magic 3]
a: Recall Ancestor, Ancestor Identity, Transference, Idealise, Renounce Religion


You were on level 2 of the Abyss.
You worshipped Hepliaklqana.
Hepliaklqana was greatly pleased with you.
You were very hungry.

You visited 3 branches of the dungeon, and saw 16 of its levels.
You visited the Abyss 1 time.
You also visited: Gauntlet.

You collected 745 gold pieces.
You spent 168 gold pieces at shops.

Inventory:

Hand Weapons
 a - a +5 spear (weapon)
 b - a +1 dagger of venom
 c - a +0 trident
Missiles
 d - 3 throwing nets
 r - 59 sling bullets
 y - 8 javelins (quivered)
 I - 80 poisoned needles
Armour
 h - the +2 pair of boots "Ipuxui" (worn) {rN+ rCorr Int+2}
   (You found it on level 4 of the Dungeon)

   It affects your intelligence (+2).
   It protects you from negative energy.
   It provides partial protection from all sources of acid and corrosion.
 s - a +0 buckler (worn)
 D - a +1 scale mail of positive energy
 L - a +0 helmet (worn)
 N - a +2 scale mail of fire resistance (worn)
Jewellery
 m - an uncursed ring of magical power
 v - a ring of positive energy (right hand)
 A - the amulet "Xuroxif" (around neck) {rPois Regen+ SInv}
   (You found it on level 1 of the Lair of Beasts)

   [amulet of regeneration]

   It protects you from poison.
   It lets you see invisible.
   It increases your rate of regeneration.
 F - a +2 amulet of reflection
 Q - a +5 ring of dexterity (left hand)
 R - an uncursed ring of flight
 S - an uncursed ring of fire
Wands
 j - a wand of flame (13)
 k - a wand of random effects (21)
 w - a wand of digging (4)
 G - a wand of iceblast (3)
 H - a wand of polymorph (14)
 J - a wand of scattershot (3)
 P - a wand of acid (7)
Scrolls
 e - 5 scrolls of blinking
 g - 3 scrolls of magic mapping
 i - 2 scrolls of amnesia
 l - 4 scrolls of teleportation
 u - 2 scrolls of enchant weapon
 x - 5 scrolls of fear
 B - a scroll of identify
 M - a scroll of vulnerability
 T - a scroll of remove curse
 U - a scroll of enchant armour {unknown}
Potions
 n - a potion of magic
 q - 2 potions of agility
 t - 2 potions of resistance
 C - 2 potions of mutation
 E - 2 potions of flight
 K - a potion of might
 O - a potion of curing
Comestibles
 f - 27 rations


   Skills:
 + Level 16.6 Fighting
 - Level 14.0 Polearms
 - Level 2.0 Throwing
 - Level 2.1 Armour
 - Level 8.4 Dodging
 - Level 4.0 Shields


You had 11 spell levels left.
You didn't know any spells.
Your spell library contained the following spells:

 Spells                   Type           Power        Failure   Level  Hunger
 Sublimation of Blood     Necr           #.........   38%         2    ###....
 Ignite Poison            Fire/Tmut/Pois #.......     61%         3    ####...
 Petrify                  Tmut/Erth      #.......     91%         4    #####..
 Alistair's Intoxication  Tmut/Pois      #.......     99%         5    ######.
 Irradiate                Conj/Tmut      #.........   99%         5    ######.


Dungeon Overview and Level Annotations

Branches:
Dungeon (11/15)            Temple (1/1) D:5            Lair (4/6) D:9
 Shoals (0/4) Lair:4        Snake (0/4) Lair:2
    Orc: D:9-12

Altars:
Ashenzari
Cheibriados
Dithmenos
Elyvilon
Fedhas
Gozag
Hepliaklqana
Kikubaaqudgha
Makhleb
Nemelex Xobeh
Okawaru
Qazlal
Ru
Sif Muna
Trog
Uskayaw
Vehumet
Wu Jian
Xom
Yredelemnul
Zin
The Shining One

Shops:
D:8 :=}((

Annotations:
Lair:2 exclusion: oklob plant Gauntlet 9 transporters


Innate Abilities, Weirdness & Mutations

You revert to your normal form in water You are very nimble and swift while swimming.
You are very stealthy in the water. (Stealth+)
Your life essence is reduced to manifest your ancestor. (-10% HP)
[You often lose your temper in combat.]
[You are very clumsy. (Dex -4)]
[Armour fits poorly on your strangely shaped body.]
[Your body often deteriorates upon taking damage.]
[You are very dopey. (Int -4)]
[You are extremely frail. (-30% HP)]
[Your magical capacity is extremely low. (-30% MP)]
[You frequently scream uncontrollably at your foes.]
[You are often teleported next to monsters.]
[You are very weak. (Str -4)]
[Your spells are much easier to cast, but much less powerful.]


Message History

You feel ill.
The raiju bites Citlalmina but does no damage.
Citlalmina casts a spell at the raiju.
The raiju appears confused.
The ancient zyme hits you.
* * * LOW HITPOINT WARNING * * *
The ancient zyme hits you!
* * * LOW HITPOINT WARNING * * *
Citlalmina barely misses the raiju.
A living lightning appears from out of your range of vision.
The living lightning hits Citlalmina!
The ancient zyme closely misses you.
The ancient zyme hits you but does no damage.
You feel yourself speed up.
Citlalmina hits the raiju with a +0 dagger of draining.
The ancient zyme hits you but does no damage. x2
You feel ill.
You feel clever all of a sudden.
Citlalmina closely misses the raiju.
The ancient zyme hits you but does no damage.
The ancient zyme hits you!
You die...

.................... .
......................
##................. .
.....................
....?......... ...... .
................≈≈.♣≈.. #
#
..§......##...h.§##≈.≈..
. .......@##....≈≈≈≈...≈.
#.#......xhR....≈...≈ ≈ #
..................≈.. ≈
..................≈.. #
.................... ..
....................... .
...#.....................
# #.......##......##....
###.......# ......# ...


You could see the friendly Citlalmina the hexer, an ancient zyme and a raiju.

Vanquished Creatures
  Fannar (D:9)
  A hydra (Lair:2)
  Urug (D:9)
  A wretched star (Abyss:2)
  2 sixfirhies
  An ugly thing (D:9)
  2 spiny frogs
  A komodo dragon (Lair:1)
  An ancient zyme (Abyss:2)
  2 trolls
  A polar bear (Lair:4)
  A hippogriff (Lair:3)
  4 blink frogs
  An alligator skeleton (Abyss:2)
  A wyvern (Lair:2)
  A wraith (D:10)
  3 hogs
  A human (D:7)
  3 yaks (Lair:2)
  Eustachio (D:6)
  A hungry ghost (D:9)
  4 nagas (Lair:2)
  5 water moccasins
  4 porcupines
  3 orc warriors
  4 black bears
  A sky beast (D:7)
  A phantom (D:5)
  4 small abominations (Abyss:2)
  3 ogres
  7 wolves
  5 crocodiles
  A bullfrog (Lair:2)
  A scorpion (D:7)
  8 killer bees
  4 wights
  3 electric eels
  A howler monkey (D:4)
  7 crimson imps
  5 jellies
  2 gnoll shamans
  2 centaur skeletons
  3 orc priests
  10 hounds
  2 bullfrog skeletons
  2 iguanas (D:9)
  5 orc wizards
  7 worker ants
  A hound zombie (D:5)
  A hound skeleton (D:7)
  A howler monkey zombie (D:5)
  10 gnolls
  9 adders
  A shadow imp (D:6)
  5 ufetubi
  An ooze (D:3)
  An adder skeleton (D:3)
  A dart slug (D:2)
  5 leopard geckos
  30 orcs
  3 ball pythons
  8 giant cockroaches
  9 goblins
  10 hobgoblins
  6 jackals
  2 quokkas
  5 bats
  5 frilled lizards
  2 kobolds (D:2)
  2 quokka skeletons (D:4)
  7 rats
260 creatures vanquished.

Vanquished Creatures (collateral kills)
  An unseen horror (D:10)
  2 spiny frogs
  A komodo dragon (Lair:3)
  A polar bear (Lair:3)
  A hornet (D:8)
  3 hippogriffs
  A ynoxinul (Abyss:2)
  3 yaks
  A basilisk (Lair:2)
  A naga (Lair:2)
  A water moccasin (Lair:1)
  A porcupine (Lair:2)
  A sky beast (D:10)
  A phantom (D:8)
  A crocodile (Lair:1)
  A wyvern skeleton (D:9)
  2 wights
  A killer bee (D:9)
  A crimson imp (D:10)
  An orc priest (D:5)
  2 hounds
  An orc wizard (D:11)
  3 worker ants
  A killer bee zombie (D:8)
  2 adders (D:9)
  2 gnolls
  A shadow imp (D:7)
  A worm (D:6)
  A leopard gecko (D:8)
  An orc (D:6)
  A giant cockroach (D:8)
  2 plants
44 creatures vanquished.

Vanquished Creatures (others)
  9 hexers
  8 ancestors
  A fungus (Lair:3)
18 creatures vanquished.

Grand Total: 322 creatures vanquished

Notes
Turn   | Place    | Note
-------+----------+-------------------------------------------
     0 | D:1      | Ezendos the Merfolk Gladiator began the quest for the Orb.
     0 | D:1      | Reached XP level 1. HP: 16/16 MP: 1/1
   139 | D:1      | Reached XP level 2. HP: 23/23 MP: 2/2
   374 | D:1      | Reached skill level 3 in Fighting
   631 | D:2      | Reached XP level 3. HP: 29/29 MP: 3/3
   689 | D:2      | Reached skill level 5 in Polearms
  1266 | D:2      | Reached XP level 4. HP: 37/37 MP: 4/4
  1340 | D:2      | Found a snail-covered altar of Cheibriados.
  1787 | D:3      | Reached skill level 4 in Fighting
  2023 | D:3      | Reached skill level 1 in Shields
  2612 | D:4      | Reached XP level 5. HP: 38/42 MP: 5/5
  2709 | D:4      | Got a pair of distressingly furry boots
  2715 | D:4      | Identified the +2 pair of boots "Ipuxui" {rN+ rCorr Int+2}
                  | (You found it on level 4 of the Dungeon)
  2742 | D:4      | Noticed an ogre
  2996 | D:5      | Entered Level 5 of the Dungeon
  3209 | D:5      | Noticed a phantom
  3250 | D:5      | Killed a phantom
  3250 | D:5      | Reached skill level 5 in Fighting
  3250 | D:5      | Reached XP level 6. HP: 27/51 MP: 6/6
  4560 | D:4      | Reached XP level 7. HP: 51/57 MP: 7/7
  4654 | D:5      | Found a shimmering altar of Xom.
  4681 | D:5      | Reached skill level 6 in Fighting
  5114 | D:5      | Found a shattered altar of Ashenzari.
  5118 | D:5      | Saw a vision of the Shoals and the Snake Pit.
  5118 | D:5      | Noticed a merfolk siren
  5118 | D:5      | Noticed a merfolk siren
  5118 | D:5      | Noticed a naga sharpshooter
  5118 | D:5      | Noticed a merfolk
  5118 | D:5      | Noticed a merfolk
  5118 | D:5      | Noticed a merfolk
  5118 | D:5      | Noticed a naga ritualist
  5118 | D:5      | Noticed a naga
  5118 | D:5      | Noticed a hippogriff
  5119 | D:5      | Noticed a black mamba
  5278 | D:5      | Found a radiant altar of Vehumet.
  5834 | D:6      | Noticed Eustachio
  5884 | D:5      | Reached skill level 7 in Fighting
  5903 | D:5      | HP: 4/90 [poisoned by a killer bee]
  5910 | D:5      | HP: 4/90 [poisoned by a killer bee]
  5918 | D:5      | HP: 4/90 [poisoned by a killer bee]
  6404 | D:5      | Reached skill level 8 in Fighting
  6418 | D:5      | Found a staircase to the Ecumenical Temple.
  6500 | Temple   | Entered the Ecumenical Temple
  6622 | Temple   | Became a worshipper of Hepliaklqana the Forgotten
  6849 | D:5      | Reached XP level 8. HP: 55/61 MP: 8/8
  7230 | D:5      | Reached skill level 9 in Fighting
  7558 | D:6      | Killed Eustachio
  8085 | D:6      | Found an ornate altar of the Wu Jian Council.
  8737 | D:7      | Reached XP level 9. HP: 70/70 MP: 9/9
  8805 | D:7      | Reached skill level 10 in Fighting
  8982 | D:7      | Reached skill level 5 in Dodging
  9038 | D:6      | Reached skill level 10 in Polearms
  9747 | D:7      | Found a shadowy altar of Dithmenos.
 10098 | D:8      | Reached * piety under Hepliaklqana
 10162 | D:8      | Noticed a hornet
 10169 | D:8      | Paralysed by a hornet for 2 turns
 10169 | D:8      | Killed a hornet
 10322 | D:8      | You fall through a shaft for 3 floors!
 10353 | D:10     | Entered Level 10 of the Dungeon
 10366 | D:10     | Reached XP level 10. HP: 77/77 MP: 10/10
 10493 | D:9      | Reached skill level 11 in Fighting
 10930 | D:9      | Found a staircase to the Lair.
 10943 | Lair:1   | Entered Level 1 of the Lair of Beasts
 10943 | Lair:1   | Noticed Urug
 10943 | Lair:1   | Noticed a spiny frog
 11032 | D:9      | Found a snail-covered altar of Cheibriados.
 11053 | D:8      | Found Xeelen's Jewellery Shoppe.
 11065 | D:8      | Bought a cursed amulet of inaccuracy for 24 gold pieces
 11065 | D:8      | Bought a +2 amulet of reflection for 90 gold pieces
 11065 | D:8      | Bought a cursed ring of teleportation for 54 gold pieces
 11120 | D:8      | Found Bocruod's Gadget Emporium.
 11122 | D:8      | Found Pihank's Weapon Emporium.
 11137 | D:8      | Found a blossoming altar of Fedhas.
 11174 | D:8      | Found Padyruav's Antique Weapon Boutique.
 11409 | D:8      | Found a stormy altar of Qazlal.
 11506 | D:8      | Found a shattered altar of Ashenzari.
 11510 | D:8      | Reached ** piety under Hepliaklqana
 11511 | D:8      | Remembered your ancestor Citlalmina as a hexer
 11638 | D:8      | Found Qesaar's Book Emporium.
 12071 | D:9      | Found a deep blue altar of Sif Muna.
 12989 | D:9      | Found a sparkling altar of Nemelex Xobeh.
 13290 | D:10     | Reached skill level 1 in Armour
 13563 | D:10     | Killed an unseen horror
 13563 | D:10     | Reached XP level 11. HP: 62/85 MP: 11/11
 14133 | D:11     | Noticed a cyan ugly thing
 14187 | D:9      | Killed a cyan ugly thing
 14187 | D:9      | Reached skill level 12 in Fighting
 14285 | Lair:1   | Noticed Fannar
 14322 | D:9      | Killed Urug
 14488 | D:9      | Killed Fannar
 14593 | Lair:1   | Reached skill level 13 in Fighting
 14596 | Lair:1   | Got a heavily runed ruby amulet
 15251 | Lair:1   | Identified the amulet "Xuroxif" {rPois Regen+ SInv} (You
                  | found it on level 1 of the Lair of Beasts)
 15298 | Lair:1   | Reached *** piety under Hepliaklqana
 15948 | Lair:2   | Reached skill level 14 in Fighting
 16206 | Lair:2   | Found a staircase to the Snake Pit.
 16237 | Lair:2   | Noticed a four-headed hydra
 16256 | Lair:2   | Killed a four-headed hydra
 16256 | Lair:2   | Reached XP level 12. HP: 77/97 MP: 12/12
 16320 | Lair:2   | Reached **** piety under Hepliaklqana
 16352 | Lair:2   | Reached skill level 15 in Fighting
 17789 | Lair:4   | Found a gate leading to a gauntlet.
 17795 | Gauntlet | Entered a Gauntlet
 17795 | Gauntlet | Found a transporter.
 17805 | Gauntlet | Found a transporter.
 17813 | Gauntlet | Found a transporter.
 17816 | Gauntlet | Found a transporter.
 17833 | Gauntlet | Found a transporter.
 17845 | Gauntlet | Found a transporter.
 17848 | Gauntlet | Noticed an entropy weaver
 17855 | Gauntlet | Found a transporter.
 17858 | Gauntlet | Noticed a hell beast
 17865 | Gauntlet | Found a transporter.
 17888 | Gauntlet | Identified the ring "Tuehoomn" {*Corrode rElec rF- Str+7
                  | Int+3}
 17902 | Gauntlet | Found a transporter.
 17996 | Gauntlet | Found a transporter.
 17998 | Gauntlet | Found a transporter.
 18037 | Gauntlet | Found a transporter.
 18051 | Gauntlet | Found a transporter.
 18053 | Gauntlet | Noticed a queen ant
 18075 | Gauntlet | Found a transporter.
 18190 | Gauntlet | Reached skill level 16 in Fighting
 18325 | Gauntlet | Cast into level 2 of the Abyss (a wizard)
 18637 | Abyss:2  | Noticed a blizzard demon
 18711 | Abyss:2  | Noticed a green draconian shifter
 18887 | Abyss:2  | Noticed a wretched star
 18939 | Abyss:2  | Noticed a wretched star
 19073 | Abyss:2  | Lost intelligence.
 19079 | Abyss:2  | Noticed a wretched star
 19104 | Abyss:2  | Killed a wretched star
 19160 | Abyss:2  | Lost intelligence.
 19198 | Abyss:2  | Slain by an ancient zyme

Skill      XL: |  1  2  3  4  5  6  7  8  9 10 11 12 |
---------------+-------------------------------------+-----
Fighting       | 3 4 5 8 9 10 11 14 16 | 16.6
Polearms       | 5 8 11 14 | 14.0
Shields        | 1 3 4 |  4.0
Dodging        | 6 8 |  8.4
Armour         | 1 2 |  2.1
Throwing       | |  2.0

Action                   |  1- 3 |  4- 6 |  7- 9 | 10-12 || total
-------------------------+-------+-------+-------+-------++-------
Melee: Trident           |   107 |   216 |   319 |   355 ||   997
       Short sword       |       |       |    19 |       ||    19
       Dagger            |       |       |    58 |    35 ||    93
       Hand axe          |       |       |     3 |       ||     3
       Tailslap          |       |       |       |    16 ||    16
       Spear             |       |       |       |   455 ||   455
Throw: Javelin           |       |       |       |     4 ||     4
       Throwing net      |       |       |       |     1 ||     1
Invok: Recall Ancestor   |       |       |     3 |     5 ||     8
       Ancestor Life: He |       |       |       |     1 ||     1
Evoke: Wand              |       |       |       |     7 ||     7
  Use: Scroll            |     4 |     9 |     6 |    14 ||    33
       Potion            |     3 |       |     3 |    10 ||    16
 Stab: Sleeping          |     1 |       |       |       ||     1
       Distracted        |       |       |     3 |    15 ||    18
       Confused          |       |       |       |     2 ||     2
  Eat: Chunk             |     1 |     7 |    12 |    20 ||    40
       Ration            |       |     1 |     2 |     2 ||     5
Armor: Ring mail         |    24 |    49 |    65 |       ||   138
       Leather armour    |     1 |       |       |       ||     1
       Skin              |       |       |     5 |       ||     5
       Scale mail        |       |       |    34 |   138 ||   172
Dodge: Dodged            |    53 |    76 |   216 |   245 ||   590
Block: Buckler           |       |    36 |    82 |   100 ||   218
